EL
JACKSON GENERALS @ TRENTON THUNDER
08/11/2049
 
TOP OF THE 1ST
Jackson Generals batting - Pitching for Trenton Thunder : RHP George Rosario
Pitching: RHP George Rosario
Batting: LHB Addisu Nyamekye 0-0: Foul Ball, location: 2F
0-1: Ground out 5-3 (Groundball, 56, EV 104.4 MPH)
Batting: RHB Mike Conaway 0-0: Ball
1-0: Foul Ball, location: 2F
1-1: Ball
2-1: Swinging Strike
2-2: Fly out, F8 (Flyball, 8LS, EV 91.2 MPH)
Batting: RHB Kinzo Yokoyama 0-0: Ball
1-0: Foul Ball, location: 2F
1-1: Foul Ball, location: 2F
1-2: Ground out 4-3 (Groundball, 4, EV 86.2 MPH)
Top of the 1st over - 0 runs, 0 hits, 0 errors, 0 left on base; Jackson 0 - Trenton 0
BOTTOM OF THE 1ST
Trenton Thunder batting - Pitching for Jackson Generals : LHP Sid DeSensi
Pitching: LHP Sid DeSensi
Batting: LHB Justin O'Neal 0-0: Ball
1-0: Called Strike
1-1: Ball
2-1: Ball
3-1: Foul Ball, location: 2F
3-2: Base on Balls
Batting: RHB Sam Hubbert 0-0: Called Strike
0-1: Ball
1-1: Foul Ball, location: 2F
1-2: Foul Ball, location: 2F
1-2: Ball
2-2: DOUBLE (Groundball, 3L, EV 111.2 MPH)
Justin O'Neal to third
Batting: SHB Corey Penson 0-0: Ball
1-0: Ball
2-0: Ball
3-0: Called Strike
3-1: Called Strike
3-2: Fly out, F8 (Flyball, 8LD, EV 76.2 MPH)
Runner from 3rd tags up, OUT at HOME! 8-2
Sam Hubbert to third
Batting: RHB Bryan Westray 0-0: SINGLE (Groundball, 6MD, EV 100.0 MPH)
Sam Hubbert scores
Batting: LHB Jared Zulkowski 0-0: Swinging Strike
0-1: Ball
1-1: Fly out, F6 (Flyball, 6MD, EV 90.0 MPH)
Bottom of the 1st over - 1 run, 2 hits, 0 errors, 1 left on base; Jackson 0 - Trenton 1
TOP OF THE 2ND
Jackson Generals batting - Pitching for Trenton Thunder : RHP George Rosario
Batting: LHB Chris Jackson 0-0: Ball
1-0: Ball
2-0: Foul Ball, location: 2F
2-1: Foul Ball, location: 2F
2-2: Ball
3-2: Strikes out swinging
Batting: RHB Chris Skaff 0-0: Ball
1-0: Ball
2-0: Called Strike
2-1: Ball
3-1: Ground out 6-3 (Groundball, 6, EV 82.5 MPH)
Batting: LHB Jason Kinney 0-0: Foul Ball, location: 2F
0-1: Ball
1-1: Ball
2-1: Called Strike
2-2: Foul Ball, location: 2F
2-2: Strikes out swinging
Top of the 2nd over - 0 runs, 0 hits, 0 errors, 0 left on base; Jackson 0 - Trenton 1
BOTTOM OF THE 2ND
Trenton Thunder batting - Pitching for Jackson Generals : LHP Sid DeSensi
Batting: LHB Steve LeGrand 0-0: Called Strike
0-1: Foul Ball, location: 2F
0-2: Ground out 6-3 (Groundball, 6M, EV 105.0 MPH)
Batting: RHB Bill Nguyen-Tan 0-0: Called Strike
0-1: Ball
1-1: Fly out, F9 (Flyball, 9D, EV 103.1 MPH)
Batting: RHB Elmar Adenauer 0-0: Ball
1-0: SINGLE (Groundball, 5D, EV 103.8 MPH)
Batting: SHB Houston Phillips 0-0: Ball
1-0: Called Strike
1-1: Ball
2-1: Foul Ball, location: 2F
2-2: Strikes out swinging
Bottom of the 2nd over - 0 runs, 1 hit, 0 errors, 1 left on base; Jackson 0 - Trenton 1
TOP OF THE 3RD
Jackson Generals batting - Pitching for Trenton Thunder : RHP George Rosario
Batting: RHB Chris Olheiser 0-0: Ball
1-0: Foul Ball, location: 2F
1-1: Fly out, F8 (Flyball, 8RD, EV 108.1 MPH)
Batting: RHB Jose Zuniga 0-0: Ball
1-0: Ground out 2-3 (Groundball, 2L, EV 66.9 MPH)
Batting: RHB Chris Van Niel 0-0: Ball
1-0: Ground out 6-3 (Groundball, 56, EV 85.0 MPH)
Top of the 3rd over - 0 runs, 0 hits, 0 errors, 0 left on base; Jackson 0 - Trenton 1
BOTTOM OF THE 3RD
Trenton Thunder batting - Pitching for Jackson Generals : LHP Sid DeSensi
Batting: LHB Justin O'Neal 0-0: Ball
1-0: Ball
2-0: Swinging Strike
2-1: Foul Ball, location: 2F
2-2: Ball
3-2: Strikes out swinging
Batting: RHB Sam Hubbert 0-0: Ball
1-0: Called Strike
1-1: SOLO HOME RUN (Line Drive, 9D, EV 98.8 MPH), Distance : 389 ft
Batting: SHB Corey Penson 0-0: Called Strike
0-1: SINGLE (Line Drive, 89S, EV 98.8 MPH)
Batting: RHB Bryan Westray 0-0: 2-RUN HOME RUN (Flyball, 7D, EV 100.6 MPH), Distance : 397 ft
Batting: LHB Jared Zulkowski 0-0: Ball
1-0: Ball
2-0: Ball
3-0: Called Strike
3-1: Foul Ball, location: 2F
3-2: Foul Ball, location: 2F
3-2: SINGLE (Groundball, 34D, EV 98.8 MPH) (infield hit)
Batting: LHB Steve LeGrand 0-0: Ball
1-0: SINGLE (Groundball, 4MD, EV 100.0 MPH) (infield hit)
Jared Zulkowski to second
Batting: RHB Bill Nguyen-Tan 0-0: Called Strike
0-1: Called Strike
0-2: Strikes out swinging
Batting: RHB Elmar Adenauer 0-0: Ball
1-0: Called Strike
1-1: Foul Ball, location: 2F
1-2: Strikes out swinging
Bottom of the 3rd over - 3 runs, 5 hits, 0 errors, 2 left on base; Jackson 0 - Trenton 4
TOP OF THE 4TH
Jackson Generals batting - Pitching for Trenton Thunder : RHP George Rosario
Batting: LHB Addisu Nyamekye 0-0: Ball
1-0: Foul Ball, location: 2F
1-1: Foul Ball, location: 2F
1-2: Ball
2-2: DOUBLE (Flyball, 78D, EV 101.9 MPH)
Batting: RHB Mike Conaway 0-0: Called Strike
0-1: Ball
1-1: Ball
2-1: Ball
3-1: Fly out, F8 (Flyball, 8LD, EV 101.9 MPH)
Batting: RHB Kinzo Yokoyama 0-0: TRIPLE (Flyball, 8LXD, EV 95.6 MPH)
Addisu Nyamekye scores
Batting: LHB Chris Jackson 0-0: Ball
1-0: Ball
2-0: Called Strike
2-1: Foul Ball, location: 2F
2-2: Ball
3-2: DOUBLE (Line Drive, 89D, EV 111.2 MPH)
Kinzo Yokoyama scores
Batting: RHB Chris Skaff 0-0: Called Strike
0-1: Fly out, F9 (Flyball, 9, EV 91.9 MPH)
Batting: LHB Jason Kinney 0-0: Called Strike
0-1: Ball
1-1: Ball
2-1: Foul Ball, location: 2F
2-2: Foul Ball, location: 2F
2-2: Ground out 4-3 (Groundball, 4, EV 103.1 MPH)
Top of the 4th over - 2 runs, 3 hits, 0 errors, 1 left on base; Jackson 2 - Trenton 4
BOTTOM OF THE 4TH
Trenton Thunder batting - Pitching for Jackson Generals : LHP Sid DeSensi
Batting: SHB Houston Phillips 0-0: Called Strike
0-1: Ball
1-1: Foul Ball, location: 2F
1-2: Foul Ball, location: 2F
1-2: Foul Ball, location: 2F
1-2: Ball
2-2: Ground out 5-3 (Groundball, 56, EV 88.8 MPH)
Batting: LHB Justin O'Neal 0-0: Ball
1-0: Foul Ball, location: 2F
1-1: Ball
2-1: Called Strike
2-2: Ball
3-2: Ground out 4-3 (Groundball, 4, EV 85.0 MPH)
Batting: RHB Sam Hubbert 0-0: Ball
1-0: Ground out 3-1 (Groundball, 34S, EV 90.0 MPH)
Bottom of the 4th over - 0 runs, 0 hits, 0 errors, 0 left on base; Jackson 2 - Trenton 4
TOP OF THE 5TH
Jackson Generals batting - Pitching for Trenton Thunder : RHP George Rosario
Batting: RHB Chris Olheiser 0-0: Ball
1-0: Called Strike
1-1: Ground out 4-3 (Groundball, 4, EV 87.5 MPH)
Batting: RHB Jose Zuniga 0-0: Called Strike
0-1: Swinging Strike
0-2: Ground out 6-3 (Groundball, 6M, EV 105.0 MPH)
Batting: RHB Chris Van Niel 0-0: Ball
1-0: Ball
2-0: Called Strike
2-1: Ground out 5-3 (Groundball, 56S, EV 65.6 MPH)
Top of the 5th over - 0 runs, 0 hits, 0 errors, 0 left on base; Jackson 2 - Trenton 4
BOTTOM OF THE 5TH
Trenton Thunder batting - Pitching for Jackson Generals : LHP Sid DeSensi
Batting: SHB Corey Penson 0-0: Ball
1-0: SOLO HOME RUN (Flyball, 9D, EV 100.0 MPH), Distance : 390 ft
Pitching: RHP Chris Julien
Batting: RHB Bryan Westray 0-0: Called Strike
0-1: Ball
1-1: Fly out, F8 (Flyball, 89D, EV 102.5 MPH)
Batting: LHB Jared Zulkowski 0-0: Ball
1-0: Foul Ball, location: 2F
1-1: Ball
2-1: Ball
3-1: Base on Balls
Batting: LHB Steve LeGrand 0-0: Ball
1-0: Called Strike
1-1: Swinging Strike
1-2: Foul Ball, location: 2F
1-2: Ball
2-2: Strikes out swinging
Batting: RHB Bill Nguyen-Tan 0-0: Called Strike
0-1: Foul Ball, location: 2F
0-2: Foul Ball, location: 2F
0-2: Strikes out swinging
Bottom of the 5th over - 1 run, 1 hit, 0 errors, 1 left on base; Jackson 2 - Trenton 5
TOP OF THE 6TH
Jackson Generals batting - Pitching for Trenton Thunder : RHP George Rosario
Batting: LHB Addisu Nyamekye 0-0: Ball
1-0: Ground out 3-1 (Groundball, 34, EV 83.8 MPH)
Batting: RHB Mike Conaway 0-0: SINGLE (Groundball, 6MD, EV 106.2 MPH)
Batting: RHB Kinzo Yokoyama 0-0: Ball
1-0: Ball
2-0: Ball
3-0: Called Strike
3-1: Called Strike
3-2: Fly out, F8 (Flyball, 8LD, EV 97.5 MPH)
Batting: LHB Chris Jackson 0-0: Ball
1-0: Ball
2-0: Ball
3-0: Called Strike
3-1: Fly out, F6 (Popup, P, EV 86.2 MPH)
Top of the 6th over - 0 runs, 1 hit, 0 errors, 1 left on base; Jackson 2 - Trenton 5
BOTTOM OF THE 6TH
Trenton Thunder batting - Pitching for Jackson Generals : RHP Chris Julien
Batting: RHB Elmar Adenauer 0-0: Foul Ball, location: 2F
0-1: Ground out 5-3 (Groundball, 56, EV 86.9 MPH)
Batting: SHB Houston Phillips 0-0: SINGLE (Groundball, 3D, EV 98.8 MPH)
Batting: LHB Justin O'Neal 0-0: Foul Ball, location: 2F
0-1: Foul Ball, location: 2F
0-2: Strikes out looking
Batting: RHB Sam Hubbert 0-0: Ball
1-0: Ground out 4-3 (Groundball, 34, EV 87.5 MPH)
Bottom of the 6th over - 0 runs, 1 hit, 0 errors, 1 left on base; Jackson 2 - Trenton 5
TOP OF THE 7TH
Jackson Generals batting - Pitching for Trenton Thunder : RHP George Rosario
Batting: RHB Chris Skaff 0-0: Ball
1-0: Called Strike
1-1: Foul Ball, location: 2F
1-2: Strikes out swinging
Batting: LHB Jason Kinney 0-0: Ball
1-0: Ball
2-0: Called Strike
2-1: Foul Ball, location: 2F
2-2: Foul Ball, location: 2F
2-2: Ball
3-2: Strikes out swinging
Batting: RHB Chris Olheiser 0-0: Called Strike
0-1: Foul Ball, location: 2F
0-2: Strikes out swinging
Top of the 7th over - 0 runs, 0 hits, 0 errors, 0 left on base; Jackson 2 - Trenton 5
BOTTOM OF THE 7TH
Trenton Thunder batting - Pitching for Jackson Generals : RHP Chris Julien
Pitching: RHP Ian Gaines
Batting: SHB Corey Penson 0-0: Called Strike
0-1: Ground out 5-3 (Groundball, 5, EV 96.2 MPH)
Batting: RHB Bryan Westray 0-0: Hit by Pitch
Batting: LHB Jared Zulkowski 0-0: Ground out U3 (Groundball, 3, EV 83.8 MPH)
Bryan Westray to second
Batting: LHB Steve LeGrand 0-0: Ball
1-0: Swinging Strike
1-1: Foul Ball, location: 2F
1-2: Foul Ball, location: 2F
1-2: Ball
2-2: Foul Ball, location: 2F
2-2: Strikes out swinging
Bottom of the 7th over - 0 runs, 0 hits, 0 errors, 1 left on base; Jackson 2 - Trenton 5
TOP OF THE 8TH
Jackson Generals batting - Pitching for Trenton Thunder : RHP George Rosario
Pitching: RHP David Durr
Batting: RHB Jose Zuniga 0-0: Called Strike
0-1: Swinging Strike
0-2: Ball
1-2: Strikes out swinging
Batting: RHB Chris Van Niel 0-0: Called Strike
0-1: Called Strike
0-2: Ground out 6-3 (Groundball, 56, EV 100.6 MPH)
Batting: LHB Addisu Nyamekye 0-0: Ball
1-0: Fly out, F9 (Flyball, 89S, EV 95.0 MPH)
Top of the 8th over - 0 runs, 0 hits, 0 errors, 0 left on base; Jackson 2 - Trenton 5
BOTTOM OF THE 8TH
Trenton Thunder batting - Pitching for Jackson Generals : RHP Ian Gaines
Batting: RHB Bill Nguyen-Tan 0-0: Called Strike
0-1: Swinging Strike
0-2: Ball
1-2: Ball
2-2: Strikes out swinging
Batting: RHB Elmar Adenauer 0-0: Ball
1-0: Fly out, F8 (Flyball, 8RM, EV 89.4 MPH)
Batting: SHB Houston Phillips 0-0: Ball
1-0: Foul Ball, location: 2F
1-1: Called Strike
1-2: SINGLE (Flyball, 3D, EV 97.5 MPH)
Batting: LHB Justin O'Neal 0-0: Foul Ball, location: 2F
0-1: Ball
1-1: Ball
2-1: Ground out 4-3 (Groundball, 4S, EV 81.9 MPH)
Bottom of the 8th over - 0 runs, 1 hit, 0 errors, 1 left on base; Jackson 2 - Trenton 5
TOP OF THE 9TH
Jackson Generals batting - Pitching for Trenton Thunder : RHP David Durr
Pitching: RHP Howie Seidler
Batting: RHB Mike Conaway 0-0: Called Strike
0-1: Fly out, F7 (Line Drive, 78M, EV 88.1 MPH)
Batting: RHB Kinzo Yokoyama 0-0: Ball
1-0: Called Strike
1-1: Ball
2-1: Called Strike
2-2: Foul Ball, location: 2F
2-2: Foul Ball, location: 2F
2-2: Ball
3-2: Base on Balls
Batting: LHB Chris Jackson 0-0: Ball
1-0: Foul Ball, location: 2F
1-1: Foul Ball, location: 2F
1-2: Fielders Choice at 2nd, 3-6 (Groundball, 3, EV 103.8 MPH)
Batting: RHB Chris Skaff 0-0: Ball
1-0: Called Strike
1-1: Foul Ball, location: 2F
1-2: Ball
2-2: Ball
3-2: Foul Ball, location: 2F
3-2: DOUBLE (Flyball, 8LXD, EV 107.5 MPH)
Chris Jackson to third
Chris Jackson scores
Pitching: RHP Jimmy Wilder
Batting: LHB Jason Kinney 0-0: Ball
1-0: Ball
2-0: Ground out 4-3 (Groundball, 4, EV 101.2 MPH)
Top of the 9th over - 1 run, 1 hit, 0 errors, 1 left on base; Jackson 3 - Trenton 5
Sunday, July 16th , 2023 - OOTP Baseball 24.6 Build 69